[Event "Marshall CC U2400 03-2025"]
[Site "New York"]
[Date "2025.03.22"]
[Round "2.9"]
[White "Stark, Chloe A"]
[Black "Le, Quan Anh"]
[Result "1-0"]
[Annotator "TA"]
[ECO "C47"]
[WhiteElo "1711"]
[BlackElo "2127"]
[PlyCount "93"]
[EventDate "2025.03.20"]
[EventType "swiss"]
[EventCountry "USA"]
[SourceTitle "playchess.com"]
[Source "ChessBase"]
[SourceQuality "1"]
[TimeControl "5400+30"]

1. e4 e5 2. Nf3 Nc6 3. d4 exd4 4. Nxd4 Nf6 5. Nxc6 bxc6 6. Nc3 Bb4 7. Bd3 d5 8. exd5 O-O 9. O-O cxd5 10. h3 {[%emt 0:00:25] is the new trend. Prevents Bg4. C47: Scotch Four Knights and Four Knights with 4 g3.} c6 11. Qf3 Re8 12. Bf4 {[%emt 0:00:46] The position is equal.} Bd6 13. Rfe1 Be6 14. Bxd6 Qxd6 15. b3 a5 $146 (15... c5 16. Bf5 Rad8 17. Rad1 h6 18. Na4 Nd7 19. Bxe6 fxe6 20. Nb2 Nf6 {0-1 Ramesh,R (2215)-Kumaran,D (2385) Wch U18 Bratislava 1993 (7)}) 16. Rad1 Qb8 17. Ne2 c5 18. Nf4 a4 19. c4 ({White should try} 19. Re3 $14) 19... d4 20. Nxe6 fxe6 21. bxa4 Rxa4 (21... Qd6 $11 {keeps the balance.}) 22. Qc6 $16 Rxa2 23. Rxe6 ({Don't do} 23. Qxc5 Qf4 24. Rf1 e5 $11) 23... Rc8 24. Qf3 {[%emt 0:02:14] Rb1 is the strong threat.} Rf8 25. Rde1 $36 {[%emt 0:04:45][%mdl 2048] Black is under strong pressure.} Ra7 26. g4 {[%emt 0:09:34] White is more active.} (26. Qf5 $16) 26... Qd8 $2 {[%emt 0:30:31][%mdl 8192] Loses the game.} (26... Nh5 $1 $11 27. Qe4 Nf6) 27. g5 $18 {[%emt 0:03:01][%cal Bg4g5,Bg5g6][%mdl 32] Black is weak on the light squares} Ne8 {[%emt 0:02:10] [#]} (27... Ne4 28. Qxe4 Qxg5+ 29. Kf1 Qh5) 28. Bxh7+ $1 Kh8 (28... Kxh7 29. Qh5+) 29. Qxf8+ Kxh7 30. g6+ Kh6 31. Qh8+ Kg5 32. h4+ Kg4 33. R1e4+ Kh3 34. Qxe8 (34. Qh5 $142 Ra1+ 35. Re1 Rxe1+ 36. Rxe1 Nd6 37. Qf3+ (37. Qxc5 Qa8 $18) 37... Kxh4 38. Qg3+ (38. Re5 Qg5+ 39. Rxg5 Kxg5 $18) 38... Kh5 39. Re5+ Kh6 40. Qg4 (40. Rxc5 Qe7 $18)) 34... Qc7 {[%emt 0:05:33] [#]} 35. Re3+ $3 {[%emt 0:02:23] White mates.} dxe3 36. Rxe3+ Kxh4 {[%emt 0:03:54] KQR-KQR. White is a pawn up.} 37. Qe4+ Kg5 38. Rg3+ Qxg3+ 39. fxg3 {[%emt 0:00:03] KQ-KR} Ra5 40. Kg2 Kh6 41. Kh3 Kg5 42. Qe6 Ra2 43. Qd5+ Kxg6 44. Qxc5 Kf6 45. Qd6+ Kf5 46. c5 Rb2 47. Qd4 {[%emt 0:00:51][%csl LRb2,LRg7] Weighted Error Value: White=0.24 (precise) /Black=0.84  Loses game:     	---       	Black=1      Mistake:       	White=2     	Black=2      Inaccurate:     	---       	Black=3      OK:         	White=7     	Black=6      Best:        	White=3     	Black=1      Brilliant:      	White=1     	---} 1-0

[Event "Marshall CC U2400 03-2025"]
[Site "New York"]
[Date "2025.03.22"]
[Round "2.10"]
[White "Qureshi, Sadia"]
[Black "Belenky, Nicholas"]
[Result "0-1"]
[Annotator "TA"]
[ECO "D30"]
[WhiteElo "1755"]
[BlackElo "1981"]
[PlyCount "88"]
[EventDate "2025.03.20"]
[EventType "swiss"]
[EventCountry "USA"]
[SourceTitle "playchess.com"]
[Source "ChessBase"]
[SourceQuality "1"]
[TimeControl "5400+30"]

1. d4 d5 2. c4 e6 3. Nf3 Nf6 4. Bg5 c6 5. Nbd2 h6 6. Bxf6 {[%emt 0:09:15] D30: Queen's Gambit Declined: Systems without Nc3.} Qxf6 7. e3 Nd7 8. Be2 {[%emt 0:01:16] White is slightly better.} dxc4 $146 (8... Bd6 $11) (8... g6 9. O-O Bg7 10. b4 O-O 11. a4 Qe7 12. Qb3 Rd8 13. Rac1 a5 14. b5 c5 {1-0 Riazantsev,A (2645)-Sapunov,E (2461) Moscow blitz 73rd 2019 (7)}) 9. Nxc4 $14 Bb4+ 10. Ncd2 (10. Kf1 $14) 10... e5 11. Qc2 O-O 12. O-O exd4 13. Nxd4 Ne5 (13... Re8 $11) 14. Ne4 Qe7 {[%emt 0:01:03] A sharp opening} (14... Qd8 $14) 15. Ng3 (15. f4 $1 $16 ) 15... g6 $11 16. Rad1 Bd7 (16... Ba5 $11) 17. Nf3 (17. a3 $14 Bc5 18. h4) 17... Nxf3+ 18. Bxf3 Rad8 19. Qe4 Be6 20. a3 Bc5 21. Ne2 (21. Qc2 $11) 21... Qf6 (21... Bb3 $17 22. Rxd8 Rxd8 23. Qxe7 Bxe7) 22. Qc2 Bb6 23. Nc3 h5 24. Ne4 Qe5 25. Qc3 Qxc3 26. Nxc3 Bb3 27. Rxd8 Rxd8 28. Rb1 Bc7 29. g3 Be5 30. Kf1 (30. Ne4 $142) 30... a5 ({Black should play} 30... Rd2 $17 31. Ke1 Rc2) 31. Bd1 Be6 32. Ke1 {[%emt 0:00:59] Repels Rd2} b5 33. Bf3 b4 34. axb4 axb4 35. Ne2 {[%emt 0:01:47] [#]} ({Better is} 35. Na4 $15) 35... c5 $1 $17 36. b3 Rd3 {[%emt 0:00:30] Black has more active pieces.} 37. Nc1 Bc3+ 38. Kf1 {[%emt 0:00:33] [#]} Rd2 (38... Bf5 $1 $19 {White must now prevent ...Rd2.} 39. Ne2 Rxe3 40. fxe3 Bxb1) 39. Be2 $2 {[%emt 0:00:33][%mdl 8192] White does not recover from this.} (39. Ne2 $17) 39... Bf5 {[%emt 0:00:49] Black is clearly winning. This pair of bishops is nice.} 40. Nd3 Bxd3 41. Bxd3 Rxd3 42. Ke2 Rd2+ 43. Kf3 f5 44. h4 Kf7 {[%emt 0:04:29] Weighted Error Value: White=0.41/Black=0.16 (very precise)   Loses game:     	White=1     	---        Mistake:       	White=6     	Black=7      Inaccurate:     	White=4     	Black=2      OK:         	White=9     	Black=13     Best:        	White=2     	Black=1      Strong:       	---       	Black=1} 0-1